← All builds
Front / Armada / Economy first / OBSERVED BUILD

Standard front

Armada Front build order · Supreme Isthmus

Standard Front economy-first opening with Bot Lab and Vehicle Plant thrown down almost immediately, transitioning into a mixed Blitz/Rocketeer/Pawn/Janus army feeding the middle over the game.

#eco · 1007 distinct matches · 135 players · 75% of Armada Front games · team won 63% of 1154 · Recently observed

HOW TO PLAY IT

Key timing: Vehicle Plant by 0:47

  1. Open 3 mex then Bot Lab and Vehicle Plant almost together.
  2. Layer wind while both labs start producing.
  3. Send early units to coast first to stop leaks, not middle.
  4. Add Construction Turrets as "Blitz", "Rocketeer", "Janus" mix builds up.
  5. Transition into Advanced Metal Extractor once T2 con is out.

Phase by phase

TYPICAL OF ITS 1007 GAMES
  1. 1
  2. 2
  3. 3
PLAY THE OPENING

Follow the example game's first 6:00 step by step: what to build now, what comes next, and where it goes. At 1× it keeps pace with your own game.

  1. 1

    Up to the Bot Lab

    Economy
    • Metal Extractor2Mex
    • Wind Turbine1Wind
    Order
    1. Bot LabBot Lab after 3 mex, 1 winddone ~0:45, middle half 0:35–8:32

    Some games also: Vehicle Plant (41%)

    By 0:28 in all: 2 mex · 1 wind

    The example game in this phase · 2 steps
    1. Mex ×3
    2. Bot LabBot Labdone 0:45 · typical 0:45
  2. 2

    Bot Lab to 5:00

    Economy
    • Metal Extractor4Mex
    • Wind Turbine3Wind
    Army
    • Sentry1 Sentry

    Some games also: rocketeer (46%) · con bot (44%) · Lazarus (44%) · tick (41%) · centurion (37%)

    By 5:00 in all: 6 mex · 7 wind

    The example game in this phase · 25 steps
    1. LazarusLazarus
    2. Wind ×4
    3. TickTick ×7
    4. Construction BotCon bot
    5. TickTick
    6. Con turret
    7. TickTick ×3
    8. Mex
    9. RocketeerRocketeer
    10. CenturionCenturion ×3
    11. Mex
    12. RocketeerRocketeer ×2
    13. SentrySentry
    14. RocketeerRocketeer
    15. SentrySentry
    16. RocketeerRocketeer
    17. Mex
    18. RocketeerRocketeer ×2
    19. BeamerBeamer
    20. RocketeerRocketeer ×6
    21. OverwatchOverwatch
    22. RocketeerRocketeer
    23. OverwatchOverwatch
    24. RocketeerRocketeer
    25. LazarusLazarus
  3. 3

    5:00 to 10:00

    Economy
    • Metal Extractor1Mex
    • Wind Turbine14Wind
    Builders
    • Construction Turret2 Con turret
    Army
    • Sentry1 Sentry

    Some games also: energy storage (46%) · rocketeer (39%) · blitz (38%) · pawn (36%) · Lazarus (36%)

    By 10:00 in all: 7 mex · 25 wind · 1 energy storage · 3 con turret

    The example game in this phase · 96 steps
    1. LazarusLazarus ×2
    2. TickTick ×3
    3. Con turret
    4. TickTick ×12
    5. Construction BotCon bot
    6. CenturionCenturion
    7. Energy storage
    8. OverwatchOverwatch
    9. Wind ×3
    10. TickTick
    11. Wind
    12. TickTick
    13. Wind
    14. TickTick ×2
    15. Wind
    16. TickTick
    17. RocketeerRocketeer
    18. Wind
    19. RocketeerRocketeer
    20. Wind
    21. RocketeerRocketeer
    22. Wind
    23. RocketeerRocketeer
    24. Wind
    25. RocketeerRocketeer
    26. Con turret
    27. Advanced Metal ExtractorT2 mexdone 9:00 · typical 8:54
    28. TickTick ×8
    29. Advanced Metal ExtractorT2 mex
    30. TickTick ×2
    31. Advanced solar
    32. Advanced Metal ExtractorT2 mex
    33. BeamerBeamer
    34. Wind
    35. Sneaky PeteSneaky Pete
    36. Wind ×2
    37. Construction BotCon bot
    38. Wind
    39. Construction BotCon bot
    40. Advanced Metal ExtractorT2 mex
    41. Wind
    42. Construction BotCon bot
    43. Advanced solar
    44. Construction BotCon bot
    45. Advanced solar
    46. Construction BotCon bot
    47. Advanced Metal ExtractorT2 mex
    48. BeamerBeamer
    49. TickTick
    50. Advanced solar
    51. TickTick ×3
    52. BeamerBeamer
    53. Wind
    54. TickTick ×2
    55. Wind
    56. TickTick ×2
    57. Wind
    58. TickTick ×2
    59. Wind
    60. TickTick
    61. Wind
    62. TickTick
    63. Con turret
    64. RattlesnakeRattlesnakedone 13:18
    65. Con turret
    66. TickTick ×3
    67. BeamerBeamer
    68. TickTick ×3
    69. BeamerBeamer
    70. TickTick ×3
    71. Con turret
    72. TickTick ×2
    73. PulsarPulsarnot finished by 15:00
    74. TickTick ×14
    75. Wind
    76. TickTick ×3
    77. Wind
    78. TickTick ×2
    79. Wind
    80. TickTick
    81. Wind
    82. TickTick
    83. Wind
    84. TickTick ×3
    85. Wind
    86. TickTick
    87. PulsarPulsar
    88. TickTick
    89. Wind
    90. TickTick
    91. Wind
    92. TickTick ×3
    93. Wind
    94. TickTick ×12
    95. Wind
    96. TickTick ×4

Counts are medians over the build's games: half of them build more, half fewer. The example game is hainTsu's (38 OS, 10/09/2026); pick another.

Team trades

IN AT LEAST 30% OF ITS GAMES

You hand over

Nothing regular.

You get

  • Tidal Generator4 Tidal from Pondfirst at 0:18 · in 68% of games
  • Advanced Construction Bot1 T2 con bot from Geo or Techfirst at 7:18 · in 67% of games

How it plays out

Typical game of this build, running totals by minute

Metal produced

010k20k30k
0:005:0010:0015:00

metal

Enemy metal destroyed

05k10k
0:005:0010:0015:00

metal

Own metal lost

05k10k
0:005:0010:0015:00

metal

1154 games.

Show as table
ByMetal produced: This buildEnemy metal destroyed: This buildOwn metal lost: This build
1:0033300
2:008482131
3:001625141105
4:002715542333
5:0038651200821
6:00507421121523
7:00631429852452
8:00763738533361
9:00907946814319
10:001068453295064
11:001259858205719
12:001482163656527
13:001741969967244
14:002017276218099
15:002267783768960
WHAT THE NUMBERS SAY

Standard Front play wins more often than suicide front and produces more metal by 15:00, reflecting its safer positioning.

  • + Metal produced reaches 22219 by 15:00, above suicide front's 19882
  • + Own losses of 8949 stay under enemy metal destroyed's near-equal 8347
  • − First unit lost by 1:44 shows exposure even from the safer side
  • − Wider gap to defend demands disciplined coast-then-mid unit movement
THE EXAMPLE YOU ARE READING

hainTsu

37.6 OS · 10/09/2026

Open source match ↗

5 received units · includes a constructor
169 metal received · 25778 energy received

Allied construction assistance is unknown. Timings are observations, not a promise of solo reproducibility.

Typical milestones

Bot Lab0:45Middle 50%: 0:35–8:32 · n=730
Vehicle Plant0:48Middle 50%: 0:37–0:58 · n=817
Advanced Metal Extractor8:54Middle 50%: 8:02–10:01 · n=923

Played most by

Hummell98games of this buildhaaven94games of this buildLeohvm83games of this buildXad63games of this buildImmort42games of this build